 Dungeon Sprint DCSS version 0.17-a0-1184-gb75be8f (webtiles) character file.

44 Kidiri the Grave Robber (level 3, -2/28 HPs)
             Began as a Deep Elf Necromancer on June 1, 2015.
             Drowned by a water elemental (4 damage)
             ... in the Dungeon (Sprint III: "The Ten Rune Challenge").
             The game lasted 00:02:33 (414 turns).

Kidiri the Grave Robber (Deep Elf Necromancer)       Turns: 414, Time: 00:02:33

Health: -2/28      AC:  2    Str: 10    XL:     3   Next: 41%
Magic:  12/12      EV: 14    Int: 20    God:
Gold:   15         SH:  0    Dex: 15    Spells: 4 memorised, 5 levels left

rFire  . . .     SeeInvis .     (no weapon)
rCold  . . .     Clarity  .     a - +0 robe
rNeg   . . .     SustAt   .     (no shield)
rPois  .         Gourm    .     (no helmet)
rElec  .         Spirit   .     (no cloak)
rCorr  .         Warding  .     (no gloves)
rMut   .         NoTele   +     (no boots)
MR     .....                    (no amulet)
Stlth  ..........               (no ring)
                                (no ring)

@: berserking, engulfed (cannot breathe), very quick, not resistant to hostile
enchantments, extremely unstealthy
A: no striking features
a: no special abilities


You were in the Dungeon.
You were not hungry.

You visited 1 branch You collected 15 gold pieces.

Inventory:

Armour
 a - a +0 robe (worn)
Scrolls
 i - a scroll of blinking
 k - 3 scrolls of remove curse
 m - a scroll of holy word {unknown}
 n - 3 scrolls of identify
 r - a scroll of immolation {unknown}
 s - a scroll of enchant armour {unknown}
Potions
 d - 2 potions of curing
 e - a potion of heal wounds
 f - a potion of haste
 g - 2 potions of magic
 p - 2 potions of might {unknown}
 q - a potion of flight {unknown}
 u - a potion of cure mutation
Books
 b - a book of Necromancy

   Spells                             Type                      Level
   a - Pain                           Necromancy                   1
   b - Animate Skeleton               Necromancy                   1
   c - Vampiric Draining              Necromancy                   3
   d - Regeneration                   Charms/Necromancy            3
   e - Animate Dead                   Necromancy                   4
   f - Control Undead                 Necromancy                   4
Comestibles
 c - a bread ration
 j - 4 chunks of flesh
 o - a royal jelly
 t - a meat ration


   Skills:
 + Level 4.2 Dodging
 + Level 4.2 Stealth
 * Level 5.6 Spellcasting
 + Level 1.3 Charms
 * Level 6.7 Necromancy


You had 5 spell levels left.
You knew the following spells:

 Your Spells              Type           Power        Failure   Level  Hunger
a - Pain                  Necr           ####         1%          1    None
b - Animate Skeleton      Necr           N/A          1%          1    None
c - Vampiric Draining     Necr           ####......   1%          3    ##.....
d - Regeneration          Chrm/Necr      ###.......   10%         3    ##.....


Dungeon Overview and Level Annotations

Branches:
Dungeon (1/1)

Altars:


Message History

You feel yourself moving faster!
You feel mighty!
You hit the water elemental.
The water elemental is moderately damaged.
The water elemental hits you!
The water elemental engulfs you in water!
You hit the water elemental.
The water elemental is moderately damaged.
Your lungs strain for air!
You hit the water elemental.
The water elemental is heavily damaged.
Your lungs strain for air!
The water elemental barely misses you.
You barely miss the water elemental.
The water elemental is heavily damaged.
Your lungs strain for air!
The water elemental hits you!
* * * LOW HITPOINT WARNING * * *
You punch the water elemental!
The water elemental is severely damaged.
You die...

▓▓▓▓▓▓▓▓▓▓▓▓▓ ▓▓▓
▓<.#..'...♣.♣ ♣.#
▓..#..#....♣ ♣.#
▓#'####....♣♣♣ ..#
▓.....#....≈.♣♣♣♣.# #+#+#
▓.....#...≈≈.♣.♣♣.#......
▓....(#..≈≈≈≈♣.♣..'.⌠....
▓####'#..≈≈≈≈≈≈♣@E#...###
▓.....#.≈≈≈≈≈≈....# ⌠.#
▓.....#.≈≈≈≈≈.....# .#
▓.....#.≈≈≈.......# #
▓'#####...........#
▓.................#
▓▓▓▓▓▓▓▓▓▓▓▓▓▓▓▓▓▓▓


You could see a water elemental.

Vanquished Creatures
  A wolf (D)
  4 rats (D)
5 creatures vanquished.

Vanquished Creatures (collateral kills)
  A human (D)
1 creature vanquished.

Vanquished Creatures (others)
  A yaktaur (D)
  2 plants (D)
3 creatures vanquished.

Grand Total: 9 creatures vanquished

Notes
Turn   | Place    | Note
--------------------------------------------------------------
     0 | D        | Kidiri the Deep Elf Necromancer began the quest for the Orb.
     0 | D        | Reached XP level 1. HP: 10/10 MP: 6/6
     9 | D        | Learned a level 1 spell: Animate Skeleton
    10 | D        | Reached skill level 5 in Necromancy
   152 | D        | Noticed a wolf
   157 | D        | Killed a wolf
   157 | D        | Reached skill level 5 in Spellcasting
   157 | D        | Reached skill level 6 in Necromancy
   157 | D        | Reached XP level 2. HP: 1/15 MP: 1/10
   157 | D        | Reached XP level 3. HP: 1/19 MP: 1/11
   180 | D        | Learned a level 3 spell: Vampiric Draining
   184 | D        | Learned a level 3 spell: Regeneration
   271 | D        | Gained mutation: You are somewhat resistant to further mutation. [potion of mutation]
   271 | D        | Gained mutation: You are weak. (Str -2) [potion of mutation]
   272 | D        | Gained mutation: You are frail (-10% HP). [potion of mutation]
   273 | D        | Lost mutation: You are somewhat resistant to further mutation. [potion of cure mutation]
   273 | D        | Lost mutation: You are frail (-10% HP). [potion of cure mutation]
   273 | D        | Lost mutation: You are weak. (Str -2) [potion of cure mutation]
   294 | D        | Killed a yaktaur
   322 | D        | Reached skill level 1 in Charms
   406 | D        | Noticed a water elemental
   414 | D        | Drowned by a water elemental

Vault maps used:
D:        dungeon_sprint_mu

Action                   || total
-------------------------++-------
Melee: Unarmed           ||     5
 Cast: Pain              ||    13
       Animate Skeleton  ||     3
       Vampiric Draining ||     2
       Regeneration      ||     1
  Use: Potion            ||     4
